 Dungeon Crawl Stone Soup version 0.30.0-5-g1a98f26d00 (webtiles) character file.

Game seed: 17124100707075322100

8661 dialectric the Fighter (level 11, -1/72 HPs)
             Began as a Gargoyle Brigand on May 10, 2023.
             Slain by a blink frog (5 damage)
             ... led by Prince Ribbit
             ... on level 1 of the Lair of Beasts.
             The game lasted 00:12:21 (7441 turns).

dialectric the Fighter (Gargoyle Brigand)           Turns: 7441, Time: 00:12:21

Health: -1/72      AC: 25    Str: 20    XL:     11   Next: 34%
Magic:  11/11      EV:  8    Int: 11    God:
Gold:   446        SH:  0    Dex: 11    Spells: 10/10 levels left

rFire   . . .        I - +5 great sword
rCold   + . .        (shield currently unavailable)
rNeg    + . .        i - +0 chain mail
rPois   ∞            L - +2 hat
rElec   +            a - +1 cloak
rCorr   .            r - +0 pair of gloves
SInv    .            (no boots)
Will    .....        f - amulet of regeneration Stlth
                     M - ring of protection from cold
HPRegen 1.12/turn    (no ring)
MPRegen 0.12/turn

%: no passive effects
@: about to teleport
A: sickness immunity, AC +8, negative energy resistance 1, electricity
resistance, torment resistance 1, petrification resistance
a: no special abilities


You were on level 1 of the Lair of Beasts.
You visited 3 branches of the dungeon, and saw 11 of its levels.

You collected 446 gold pieces.

Inventory:

Hand Weapons
 h - a +0 mace
 n - a +2 dagger of draining
 z - a +2 shortbow of draining
 H - the +7 dagger "Mucoh" {pain, Fly Stlth+}
   (You found it on level 6 of the Dungeon)

   Fly:       It grants you flight.
   Stlth:     It makes you more stealthy.
 I - a +5 great sword (weapon)
 V - a +0 morningstar
Missiles
 d - 51 poisoned darts
 e - 3 curare-tipped darts (quivered)
 U - 5 atropa-tipped darts
Armour
 a - a +1 cloak (worn)
 c - a +0 cloak
 i - a +0 chain mail (worn)
 p - a +0 plate armour
 r - a +0 pair of gloves (worn)
 L - a +2 hat (worn)
 N - a +0 pair of boots
 P - a +2 hat
 T - a +0 kite shield
Jewellery
 f - an amulet of regeneration (around neck)
 y - a ring of ice
 E - a ring of wizardry
 M - a ring of protection from cold (left hand)
 R - an amulet of the acrobat
 S - an amulet of faith
Wands
 b - a wand of roots (2)
 o - a wand of digging (6)
 u - a wand of charming (18)
 A - a wand of quicksilver (2)
Scrolls
 g - 4 scrolls of magic mapping
 k - 2 scrolls of enchant weapon {unknown}
 m - 3 scrolls of identify
 q - 2 scrolls of immolation
 s - 3 scrolls of teleportation
 v - a scroll of brand weapon {unknown}
 w - 2 scrolls of enchant armour {unknown}
 B - 2 scrolls of fear {unknown}
 D - a scroll of fog {unknown}
 F - a scroll of vulnerability {unknown}
 G - a scroll of torment {unknown}
Potions
 j - a potion of lignification
 l - 3 potions of curing
 t - a potion of resistance
 x - 2 potions of attraction
 J - a potion of flight {unknown}
 K - a potion of mutation {unknown}
 O - a potion of brilliance {unknown}
 Q - a potion of heal wounds {unknown}


   Skills:
 * Level 9.8 Fighting
 - Level 5.0(7.9) Short Blades
 + Level 9.6(10.2) Long Blades
 + Level 2.8 Throwing
 + Level 9.6 Armour
 - Level 1.2 Dodging
 - Level 4.4 Stealth
 + Level 1.3 Evocations


You had 10 spell levels left.
You didn't know any spells.
Your spell library contained the following spells:

 Spells                   Type           Power      Damage    Failure   Level
 Apportation              Tloc           0%         N/A       89%         1
 Magic Dart               Conj           0%         1d3       89%         1
 Necrotise                Necr           0%         1d4       89%         1
 Sandblast                Erth           0%         2d4       89%         1
 Summon Small Mammal      Summ           0%         N/A       89%         1
 Call Imp                 Summ           0%         N/A       96%         2
 Passwall                 Tmut/Erth      0%         N/A       96%         2
 Searing Ray              Conj           0%         2d4       96%         2
 Call Canine Familiar     Summ           0%         N/A       99%         3
 Hailstorm                Conj/Ice       0%         3d3       99%         3
 Stone Arrow              Conj/Erth      0%         3d7       99%         3
 Summon Guardian Golem    Hex/Summ       0%         N/A       99%         3
 Animate Armour           Summ/Erth      0%         N/A       100%        4
 Cause Fear               Hex            0%         N/A       100%        4
 Fulminant Prism          Conj/Hex       0%         3d5       100%        4
 Ice Form                 Ice/Tmut       0%         N/A       100%        4
 Alistair's Intoxication  Tmut/Pois      0%         N/A       100%        5
 Borgnjor's Vile Clutch   Necr/Erth      0%         N/A       100%        5
 Metabolic Englaciation   Hex/Ice        0%         N/A       100%        5
 Summon Forest            Summ/Tloc      0%         N/A       100%        5
 Eringya's Noxious Bog    Tmut/Pois      0%         N/A       100%        6
 Simulacrum               Ice/Necr       0%         N/A       100%        6
 Dragon Form              Tmut           0%         N/A       100%        7
 Dragon's Call            Summ           0%         N/A       100%        9


Dungeon Overview and Level Annotations

Branches:
Dungeon (9/15)             Temple (1/1) D:7            Lair (1/5) D:9
    Orc: D:9-12

Altars:
Cheibriados
Fedhas
Hepliaklqana
Yredelemnul

Shops:
D:3 [

Annotations:
D:6 3 runed translucent doors, Cressida's ghost, novice TeEn; JawaBawa's ghost, novice DjFE; SecretSquirrel's ghost, novice MiHu; mnelsen79's ghost, novice MiBe; suduhmizer's ghost, novice MfIE
Lair:1 Prince Ribbit


Innate Abilities, Weirdness & Mutations

You are immune to sickness and miasma.
Your stone body is resilient. (AC +8)
You are immune to poison.
You resist negative energy. (rN+)
You are resistant to electric shocks. (rElec)
You are resistant to unholy torment.
You are immune to petrification.


Message History

The blink frog hits you but does no damage. x2
Hit: I) +5 great sword
Press: ? - help, Dir - move target, f - Prince Ribbit
Aim: Prince Ribbit (about 52% to evade your +5 great sword)
You barely miss Prince Ribbit.
Prince Ribbit catches a butterfly with his tongue.
Prince Ribbit hits you but does no damage.
The blink frog hits you!
The blink frog hits you but does no damage.
Prince Ribbit croaks regally.
Prince Ribbit hits you but does no damage.
What are your orders? t - Shout!
Orders for allies: a - Attack new target. p - Attack previous target. r - Retreat! s - Stop attacking. g - Guard the area. f - Follow me.
Anything else - Cancel.
Retreat in which direction?
Press: ? - help, Dir - move target, f - you, p - Prince Ribbit Fall back!
The blink frog hits you. The blink frog barely misses you.
The blink frog blinks!
Prince Ribbit hops awkwardly around.
Prince Ribbit hits you!
The blink frog hits you but does no damage. x2
As you read the scroll labelled HAYLOREIXZOU, it crumbles to dust.
You feel strangely unstable.
It was a scroll of teleportation.
The blink frog hits you!
* * * LOW HITPOINT WARNING * * *
Prince Ribbit hits you but does no damage.
The blink frog hits you!
* * * LOW HITPOINT WARNING * * *
The blink frog hits you but does no damage.
Prince Ribbit closely misses you.
Unknown command.
You feel better. The blink frog hits you.
* * * LOW HITPOINT WARNING * * *
The blink frog hits you but does no damage.
The blink frog barely misses you.
The blink frog blinks!
Prince Ribbit closely misses you. The blink frog hits you.
You die...

..........#
.............##
#.......#.>..#
.......#....##
#....##..##.#
#....#......#
#...........#
#######......)....#
?.######F@F#.#............
........FF§.......P......#
.......F..........##P##..#
.....#.....##.....########
.... ###....#.....# ...
#...#.#....# #..........#
###......### ......##


You could see Prince Ribbit and 4 blink frogs.

Vanquished Creatures
  A two-headed ogre (D:8)
  An ugly thing (D:9)
  Joseph (D:7)
  A rime drake (Lair:1)
  A troll (D:9)
  Grinder (D:4)
  3 hornets
  Sigmund (D:3)
  8 yaks
  A wraith (D:9)
  An acid dragon (D:7)
  2 water moccasins
  A sky beast (D:6)
  2 ice beasts
  4 orc warriors
  3 black bears
  4 centaurs
  5 kobold brigands
  4 bullfrogs
  2 scorpions
  2 gnoll sergeants (D:9)
  13 wights
  7 killer bees
  3 electric eels (D:7)
  A howler monkey (D:5)
  5 hounds
  8 orc priests
  4 jellies
  Crazy Yiuf (D:7)
  Jessica (D:3)
  2 iguanas
  7 orc wizards
  10 adders
  13 gnolls
  A shadow imp (D:5)
  A white imp (D:6)
  An ufetubus (D:7)
  A worm (D:2)
  A dart slug (D:3)
  30 orcs
  6 ball pythons
  10 endoplasms
  3 giant cockroaches
  6 goblins
  3 hobgoblins
  21 kobolds
  3 quokkas
  9 bats
  A frilled lizard (D:3)
  7 rats
  A butterfly (D:7)
229 creatures vanquished.

Vanquished Creatures (others)
  An orc wizard (D:8)
  A butterfly (D:7)
2 creatures vanquished.

Grand Total: 231 creatures vanquished

Notes
Turn   | Place    | Note
-------+----------+-------------------------------------------
     0 | D:1      | dialectric the Gargoyle Brigand began the quest for the
                  | Orb.
     0 | D:1      | Reached XP level 1. HP: 12/12 MP: 1/1
    67 | D:1      | Reached skill level 1 in Dodging
    93 | D:1      | Found a faded altar of an unknown god.
   139 | D:1      | Reached XP level 2. HP: 17/17 MP: 2/2
   546 | D:1      | Reached XP level 3. HP: 22/22 MP: 3/3
   556 | D:1      | Reached skill level 1 in Armour
   773 | D:2      | Found a hazy altar of Hepliaklqana.
  1595 | D:3      | Reached XP level 4. HP: 27/27 MP: 4/4
  1720 | D:3      | Found Hagy's Antique Armour Shop.
  1755 | D:3      | Noticed Jessica
  1757 | D:3      | Killed Jessica
  1898 | D:3      | Noticed Sigmund
  1920 | D:3      | Killed Sigmund
  1921 | D:3      | Reached XP level 5. HP: 29/33 MP: 5/5
  1921 | D:3      | Reached XP level 6. HP: 34/38 MP: 6/6
  2064 | D:4      | Noticed Grinder
  2245 | D:5      | Entered Level 5 of the Dungeon
  2270 | D:5      | Reached XP level 7. HP: 42/44 MP: 7/7
  2392 | D:5      | Reached skill level 5 in Fighting
  2457 | D:5      | Reached skill level 5 in Armour
  2720 | D:5      | Reached XP level 8. HP: 44/51 MP: 8/8
  3370 | D:6      | Identified the +7 dagger "Mucoh" {pain, Fly Stlth+}
  3811 | D:6      | Reached XP level 9. HP: 57/57 MP: 9/9
  3894 | D:6      | Found a runed translucent gate.
  3894 | D:6      | Found a runed translucent gate.
  3896 | D:6      | Found a runed translucent gate.
  3896 | D:6      | Noticed SecretSquirrel's ghost (novice MiHu)
  3896 | D:6      | Noticed suduhmizer's ghost (novice MfIE)
  3897 | D:6      | Noticed mnelsen79's ghost (novice MiBe)
  3897 | D:6      | Noticed Cressida's ghost (novice TeEn)
  3897 | D:6      | Noticed JawaBawa's ghost (novice DjFE)
  4029 | D:4      | Killed Grinder
  4030 | D:4      | Reached skill level 1 in Long Blades
  4170 | D:4      | Reached skill level 5 in Short Blades
  4518 | D:7      | Found a runed translucent door.
  4519 | D:7      | Noticed Crazy Yiuf
  4525 | D:7      | Killed Crazy Yiuf
  4658 | D:7      | Identified the +0 robe "Domullagg" {Harm rN+}
  4707 | D:7      | Noticed Joseph
  4720 | D:7      | Killed Joseph
  4721 | D:7      | Reached skill level 5 in Long Blades
  4860 | D:7      | Found a staircase to the Ecumenical Temple.
  4867 | Temple   | Entered the Ecumenical Temple
  5120 | D:7      | Reached XP level 10. HP: 63/64 MP: 10/10
  5149 | D:7      | Reached skill level 1 in Evocations
  5591 | D:8      | Got the Secrets of Hoarfrost and Support
  6043 | D:8      | Noticed a two-headed ogre
  6056 | D:8      | Killed a two-headed ogre
  6595 | D:9      | Found a staircase to the Lair.
  6722 | D:9      | Noticed a brown ugly thing
  6722 | D:9      | Noticed a green ugly thing
  6722 | D:9      | Noticed a death knight
  6723 | D:9      | Noticed a five-headed hydra
  6723 | D:9      | Noticed a red ugly thing
  6723 | D:9      | Noticed a centaur warrior
  6725 | D:9      | Noticed a green ugly thing
  6726 | D:9      | Noticed a four-headed hydra
  6728 | D:9      | Identified the +9 halberd of Compound Interest {spect,
                  | Str+5}
  6754 | D:9      | Noticed a centaur warrior
  6942 | D:9      | Noticed a red ugly thing
  7033 | D:9      | Killed a red ugly thing
  7034 | D:9      | Reached XP level 11. HP: 51/71 MP: 11/11
  7099 | D:9      | Identified the +5 sling of Pestilence {drain, rElec Str+5}
  7212 | D:9      | Found a basalt altar of Yredelemnul.
  7326 | Lair:1   | Entered Level 1 of the Lair of Beasts
  7428 | Lair:1   | Noticed Prince Ribbit
  7441 | Lair:1   | Slain by a blink frog

Illustrated notes

Levels and vault maps discovered:
D:1:      psy_arrival_whirlpool, layout_loops_ring,
          hellmonk_ecumenical_altar_heavens_door
D:2:      layout_basic, basic_altar, minmay_misc_feat_enclosed
D:3:      layout_basic, serial_shops, nicolae_shop_peninsula, uniq_jessica,
          uniq_sigmund
D:4:      layout_rooms, corexii_item_surrounded_by_moat,
          minmay_misc_feat_square, uniq_grinder
D:5:      nicolae_cairo_tiling_very_big, layout_basic
D:6:      layout_basic, gammafunk_ghost_cemetery
D:7:      layout_loops_ring, minmay_temple_entry_butterflies,
          minmay_misc_feat_ornament, hangedman_decor_points, fountainhead,
          nrook_pool_corridor, uniq_crazy_yiuf_cottage, uniq_joseph
D:8:      layout_layer_cave
D:9:      layout_basic, mainiacjoe_overflow_alcove_4, dpeg_oklobed_lair,
          small_chamber_with_monster, minivault_12
Temple:   nicolae_temple_bog_church
Lair:1:   dragon1_lemuel, layout_gridlike, grunt_megastairs_5,
          uniq_prince_ribbit2

Skill      XL: |  1  2  3  4  5  6  7  8  9 10 11 |
---------------+----------------------------------+-----
Dodging        | 1 |  1.2
Short Blades   | 2 3 4 5 |  5.0
Armour         | 1 2 4 5 7 8 9 |  9.6
Throwing       | 2 |  2.8
Fighting       | 3 4 6 7 9 |  9.8
Long Blades    | 6 8 9 |  9.6
Evocations     | 1 |  1.3
Stealth        | |  4.4

Action                     |  1- 3 |  4- 6 |  7- 9 | 10-12 || total
---------------------------+-------+-------+-------+-------++-------
  Melee: Dagger            |   117 |    83 |   232 |       ||   432
         Punch             |       |       |     4 |       ||     4
         Great sword       |       |       |   171 |   325 ||   496
  Throw: Dart              |       |       |       |     3 ||     3
  Evoke: Wand              |       |       |     1 |     4 ||     5
    Use: Scroll            |       |       |     7 |     2 ||     9
         Potion            |       |       |       |     2 ||     2
   Stab: Sleeping          |    11 |     5 |       |       ||    16
 Armour: Robe              |    39 |    29 |    55 |       ||   123
         Chain mail        |       |       |   251 |   334 ||   585
         Skin              |       |       |     7 |       ||     7
  Dodge: Dodged            |    62 |    43 |   254 |   199 ||   558
